 Dungeon Crawl Stone Soup version 0.31.0-11-ge490571c62 (webtiles) character file.

Game seed: 3800896580365170275

570 qw the Shooter (level 7, -5/33 (35) HPs)
             Began as a Spriggan Hunter on Feb 3, 2024.
             Slain by a hell rat (16 damage)
             ... in a sewer.
             The game lasted 00:01:13 (3599 turns).

qw the Shooter (Spriggan Hunter)                    Turns: 3599, Time: 00:01:13

HP:   -5/33 (35)    AC:  2    Str:  7    XL:     7   Next: 11%
MP:   8/8           EV: 22    Int: 11    God:
Gold: 171           SH:  0    Dex: 20    Spells: 6/6 levels left

rFire   . . .        b - +0 orcbow (drain)
rCold   . . .        (shield currently unavailable)
rNeg    . . .        c - +0 robe
rPois   .            (helmet restricted)
rElec   .            (no cloak)
rCorr   .            (gloves unavailable)
SInv    +            (boots unavailable)
Will    +....        (no amulet)
Stlth   +            (no ring)
HPRegen 0.25/turn    (no ring)
MPRegen 0.11/turn

%: no passive effects
@: drained, slow
A: very small, no large weapons, unfitting armour, see invisible, speed 3
a: no special abilities


You were in a sewer.
You visited 2 branches of the dungeon, and saw 6 of its levels.
You also visited: Sewer.

You collected 256 gold pieces.
You spent 85 gold pieces at shops.


Innate Abilities, Weirdness & Mutations

You are very small and have problems with some larger weapons.
You are too small for most types of armour.
You have supernaturally acute eyesight. (SInv)
You cover ground extremely quickly. (Speed+++)


   Skills:
 - Level 2.0 Fighting
 - Level 7.0 Ranged Weapons
 + Level 6.7 Dodging
 - Level 1.5 Stealth


You had 6 spell levels left.
You didn't know any spells.
Your spell library was empty.

Inventory:

Hand Weapons
 b - a +0 orcbow of draining (weapon)
Armour
 c - a +0 robe (worn)
Wands
 l - a wand of flame (8)
Scrolls
 n - 3 scrolls of teleportation
Potions
 a - a potion of brilliance {unknown}
 e - a potion of haste {unknown}
 f - a potion of curing
 g - a potion of lignification {unknown}
 i - 3 potions of might
 j - a potion of mutation
 k - a potion of resistance

Dungeon Overview and Level Annotations

Branches:
Dungeon (6/15)             Temple (1/1) D:4           Sewer (1/1)

Altars:
Ashenzari
Cheibriados
Dithmenos
Gozag
Hepliaklqana
Nemelex Xobeh
Ru
Sif Muna
Uskayaw
Vehumet
Wu Jian
Xom
Zin
The Shining One

Shops:
D:3 *


Message History

The rat squeaks loudly.
The arrow hits the rat.
You kill the rat!
You hear a loud squeak.
A rat comes into view.
You shoot an arrow. The arrow barely misses the rat.
You shoot an arrow. The arrow hits the rat!
You kill the rat!
A rat comes into view.
You shoot an arrow. The rat squeaks loudly.
The arrow hits the rat!
You kill the rat!
You enter the shallow water.
Moving in this stuff is going to be slow.
You see here a river rat corpse.
You open the door.
A hell rat comes into view.
The hell rat roars deafeningly!
Found four items.
Found a gate leading back out of this place.
You shoot an arrow. The arrow closely misses the hell rat.
Found three items.
You shoot an arrow. The arrow closely misses the hell rat.
The hell rat completely misses you.
You shoot an arrow. The arrow hits the hell rat.
The hell rat is lightly wounded.
The hell rat bites you!!
Ouch! That really hurt!
You feel drained. The hell rat barely misses you.
You shoot an arrow. The arrow barely misses the hell rat.
The hell rat closely misses you.
You shoot an arrow. The arrow closely misses the hell rat.
The hell rat completely misses you. x2
You shoot an arrow. The arrow hits the hell rat!
The hell rat is severely wounded.
The hell rat barely misses you.
You shoot an arrow. The arrow barely misses the hell rat.
The hell rat bites you!
You die...

#~~.~.\.~~..###
~~.~~#####~~.~.#
~.~###(\?###%%.##
..##.!!?!?~##%..#
~ ..~~~~~~ #~.~#
. .~~~~~ ##~..#
~.~ #~~.###~.~##
.~.~.##r##~~..~#
#~.%..@%...~###
###~~~..~.###
#########


You could see a hell rat.

Vanquished Creatures
  A water moccasin (D:6)
  A scorpion (D:4)
  A bombardier beetle (D:4)
  2 gnoll boudas
  Terence (D:2)
  An iguana (D:6)
  8 adders
  8 gnolls
  4 river rats
  2 dart slugs
  4 orcs
  6 bats
  10 endoplasms
  3 giant cockroaches
  5 goblins
  8 hobgoblins
  6 jackals (D:1)
  2 quokkas
  3 ball pythons
  4 frilled lizards
  6 kobolds
  13 rats
99 creatures vanquished.

Notes
Turn   | Place    | Note
-------+----------+-------------------------------------------
     0 | D:1      | qw the Spriggan Hunter began the quest for the Orb.
     0 | D:1      | Reached XP level 1. HP: 10/10 MP: 2/2
     0 | D:1      | 0 ||| qw: Version: 0.3-a-155-g5e7d8dd
     0 | D:1      | 0 ||| qw: Game counter: 3074
     0 | D:1      | 0 ||| qw: Melee chars always use a shield: true
     0 | D:1      | 0 ||| qw: God list: Okawaru
     0 | D:1      | 0 ||| qw: Allow faded altars: false
     0 | D:1      | 0 ||| qw: Do Orc after clearing Dungeon:15 true
     0 | D:1      | 0 ||| qw: Do second Lair branch before Depths: true
     0 | D:1      | 0 ||| qw: Lair rune preference: random
     0 | D:1      | 0 ||| qw: Goals: Normal
     0 | D:1      | 0 ||| PLANNING D:1-11
    11 | D:1      | Reached skill level 3 in Dodging
    85 | D:1      | Reached XP level 2. HP: 14/14 MP: 3/3
   370 | D:1      | Reached XP level 3. HP: 17/18 MP: 4/4
   705 | D:1      | 705 ||| READING 2 scrolls labelled GIEMEE CIGOL.
   705 | D:1      | 705 ||| IDENTIFYING red potion
   706 | D:1      | 706 ||| READING scroll of identify.
   706 | D:1      | 706 ||| IDENTIFYING 2 blue potions
   707 | D:1      | 707 ||| READING scroll labelled PEHU ZIELUE.
   808 | D:1      | 808 ||| READING scroll labelled VICOXU INIWOPE.
   808 | D:1      | 808 ||| BRANDING +0 shortbow.
   809 | D:1      | 809 ||| READING scroll labelled LOETUF ITAZYIDD.
   810 | D:1      | 810 ||| READING scroll labelled EFUG VOCYESYR.
   811 | D:1      | 811 ||| DROPPING scroll of butterflies.
  1328 | D:2      | Noticed Terence
  1336 | D:2      | Killed Terence
  1337 | D:2      | Reached skill level 5 in Ranged Weapons
  1337 | D:2      | Reached XP level 4. HP: 14/22 MP: 5/5
  1530 | D:2      | 1530 ||| DROPPING amulet of magic regeneration.
  1531 | D:2      | 1531 ||| READING 2 scrolls of identify.
  1531 | D:2      | 1531 ||| IDENTIFYING bubbling purple potion
  1532 | D:2      | 1532 ||| READING scroll of identify.
  1532 | D:2      | 1532 ||| IDENTIFYING scroll labelled GECVIHE XAAQO
  1533 | D:2      | 1533 ||| READING scroll of enchant weapon.
  1533 | D:2      | 1533 ||| ENCHANTING +0 heavy shortbow.
  1534 | D:2      | 1534 ||| READING scroll labelled NAYXKI TULIEC.
  1539 | D:2      | 1539 ||| READING scroll labelled RUKATHRY TIRUOJ.
  1640 | D:2      | 1640 ||| READING scroll labelled WOHIWE BEUTZ.
  1642 | D:2      | 1642 ||| Stepping ~*~*~tactically~*~*~ (cloud).
  1643 | D:2      | 1643 ||| DRINKING 2 potions of curing.
  1643 | D:2      | 1643 ||| (to cure poison)
  1645 | D:2      | 1645 ||| Stepping ~*~*~tactically~*~*~ (cloud).
  2046 | D:3      | Found Sazitys's Assorted Antiques.
  2058 | D:3      | 2058 ||| BUYING bubbling brown potion (27 gold).
  2058 | D:3      | Bought a bubbling brown potion for 27 gold pieces
  2058 | D:3      | 2058 ||| BUYING coppery potion (27 gold).
  2058 | D:3      | Bought a coppery potion for 27 gold pieces
  2058 | D:3      | 2058 ||| SHOPLISTING marble ring (155 gold, have 58).
  2058 | D:3      | 2058 ||| BUYING scroll labelled NOLAANEUBB (31 gold).
  2058 | D:3      | Bought a scroll labelled NOLAANEUBB for 31 gold pieces
  2058 | D:3      | 2058 ||| SHOPLISTING scroll of brand weapon (294 gold, have
                  | 27).
  2126 | D:3      | Reached XP level 5. HP: 26/26 MP: 6/6
  2538 | D:3      | 2538 ||| DROPPING +6 ring of intelligence.
  2539 | D:3      | 2539 ||| READING 4 scrolls of identify.
  2539 | D:3      | 2539 ||| IDENTIFYING bubbling silvery potion
  2540 | D:3      | 2540 ||| READING 3 scrolls of identify.
  2540 | D:3      | 2540 ||| IDENTIFYING bubbling brown potion
  2541 | D:3      | 2541 ||| READING 2 scrolls of identify.
  2541 | D:3      | 2541 ||| IDENTIFYING coppery potion
  2542 | D:3      | 2542 ||| READING scroll of identify.
  2542 | D:3      | 2542 ||| IDENTIFYING scroll labelled UMICUD RYOMULESOI
  2542 | D:3      | Identified a scroll of acquirement
  2543 | D:3      | 2543 ||| READING scroll of acquirement.
  2543 | D:3      | 2543 ||| ACQUIRING +0 orcbow of draining
  2543 | D:3      | Acquired a +0 orcbow of draining
  2545 | D:3      | 2545 ||| SWAPPING to +0 orcbow of draining.
  2546 | D:3      | 2546 ||| DROPPING +1 heavy shortbow.
  2547 | D:3      | 2547 ||| READING scroll labelled NOLAANEUBB.
  2548 | D:3      | 2548 ||| DROPPING potion of attraction.
  2549 | D:3      | 2549 ||| DROPPING potion of degeneration.
  2567 | D:4      | 2567 ||| STAIRDANCE
  2590 | D:4      | 2590 ||| STAIRDANCE
  2606 | D:4      | 2606 ||| STAIRDANCE
  2623 | D:4      | Reached skill level 6 in Ranged Weapons
  2787 | D:4      | Found a staircase to the Ecumenical Temple.
  2788 | D:4      | 2788 ||| PLANNING TEMPLE
  2797 | Temple   | Entered the Ecumenical Temple
  2798 | Temple   | 2798 ||| PLANNING D:1-11
  2857 | D:4      | Reached XP level 6. HP: 24/30 MP: 7/7
  3153 | D:4      | You fall into a shaft and drop 2 floors!
  3154 | D:6      | 3154 ||| PLANNING SEWER
  3290 | D:6      | Reached skill level 6 in Dodging
  3344 | D:6      | Noticed a water moccasin
  3345 | D:6      | Killed a water moccasin
  3395 | D:6      | Reached skill level 7 in Ranged Weapons
  3491 | D:6      | Reached XP level 7. HP: 35/35 MP: 8/8
  3548 | D:6      | Found a glowing drain.
  3552 | D:6      | 3552 ||| READING scroll labelled KURPHI ACSE.
  3561 | Sewer    | Entered a sewer
  3599 | Sewer    | Slain by a hell rat

Levels and vault maps discovered:
D:1:      dpeg_arrival_rooms_with_view, layout_basic
D:2:      layout_basic, uniq_terence
D:3:      layout_basic, serial_shops, nicolae_shop_waterfront, st_stairs_11,
          kennysheep_generic_room_16
D:4:      layout_cave_pods, minmay_temple_entry_mist, minmay_pentomino_pile
D:6:      layout_gridville, portal_sewer_entry_b, uniq_maggie, uniq_sigmund
Temple:   compressed_dpeg_circular_temple
Sewer:    sewer_hellmonk_bad_rat

Skill      XL: |  1  2  3  4  5  6 |
---------------+-------------------+-----
Dodging        | 3 4 5 6 |  6.7
Ranged Weapons | 5 6 7 |  7.0
Fighting       | 2 |  2.0
Stealth        | |  1.5

Action                     |  1- 3 |  4- 6 |  7- 9 || total
---------------------------+-------+-------+-------++-------
   Fire: Shortbow          |   112 |    33 |       ||   145
         Orcbow            |       |    80 |    33 ||   113
    Use: Scroll            |     6 |    12 |     1 ||    19
         Potion            |       |     1 |       ||     1
 Armour: Robe              |    16 |    21 |     3 ||    40
  Dodge: Dodged            |    66 |    66 |    12 ||   144

Table legend:
 A = Non-vault XP
 B = Vault XP
 C = Vault XP percentage of total XP
 D = Non-vault monster count
 E = Vault monster count
 F = Vault count percentage of total count
                 A         B        C        D         E       F
            +---------+---------+-------+---------+---------+-------
      Total |     599 |     216 |  26.5 |      74 |      25 |  25.3
            +---------+---------+-------+---------+---------+-------
        D:1 |      55 |       3 |   5.2 |      32 |       2 |   5.9
        D:2 |      23 |      36 |  61.0 |       6 |       1 |  14.3
        D:3 |      66 |      21 |  24.1 |      10 |       6 |  37.5
        D:4 |     143 |      93 |  39.4 |      15 |       3 |  16.7
        D:6 |     312 |      19 |   5.7 |      11 |       5 |  31.2
      Sewer |       0 |      44 | 100.0 |       0 |       8 | 100.0
            +---------+---------+-------+---------+---------+-------
